 Dungeon Crawl Stone Soup version 0.28.0-53-g5a82cb258f (webtiles) character file.

Game seed: 7307441663686565215

40 Revguard the Skirmisher (level 3, -4/29 HPs)
             Began as a Demonspawn Fighter on May 24, 2022.
             Slain by a phantom (8 damage)
             ... on level 3 of the Dungeon.
             The game lasted 00:04:00 (1583 turns).

Revguard the Skirmisher (Demonspawn Fighter)        Turns: 1583, Time: 00:04:02

Health: -4/29      AC:  6    Str: 16    XL:     3   Next: 30%
Magic:  3/3        EV:  8    Int:  9    God:
Gold:   105        SH:  8    Dex: 14    Spells: 2/2 levels left

rFire   . . .      SeeInvis .   a - +0 long sword
rCold   . . .      Faith    .   f - +0 kite shield
rNeg    . . .      Spirit   .   b - +0 scale mail
rPois   +          Reflect  .   (no helmet)
rElec   .          Harm     .   (no cloak)
rCorr   .          Rampage  .   (no gloves)
Will    .....                   (no boots)
Stlth   ..........              n - amulet of regeneration
HPRegen 0.89/turn               s - ring of poison resistance
MPRegen 0.08/turn               (no ring)

@: no status effects
A: sturdy frame 1
a: no special abilities


You were on level 3 of the Dungeon.
You visited 1 branch of the dungeon, and saw 3 of its levels.

You collected 105 gold pieces.

Inventory:

Hand Weapons
 a - a +0 long sword (weapon)
Armour
 b - a +0 scale mail (worn)
 c - a +0 buckler
 f - a +0 kite shield (worn)
Jewellery
 i - a ring of ice
 n - an amulet of regeneration (around neck)
 s - a ring of poison resistance (left hand)
Scrolls
 g - a scroll of holy word {unknown}
 h - a scroll of enchant armour {unknown}
 j - a scroll of fear {unknown}
 k - 2 scrolls of identify {unknown}
 m - a scroll of amnesia {unknown}
 p - a scroll of blinking {unknown}
 r - a scroll of fog {unknown}
Potions
 d - a potion of might
 e - a potion of ambrosia {unknown}
 l - a potion of attraction {unknown}
 o - a potion of flight {unknown}
 q - a potion of curing {unknown}
 t - a potion of degeneration {unknown}


   Skills:
 + Level 3.2 Fighting
 + Level 2.0 Long Blades
 + Level 2.8 Armour
 + Level 0.6 Dodging
 + Level 3.0 Shields
 + Level 1.1 Invocations
 + Level 0.9 Evocations


You had 2 spell levels left.
You didn't know any spells.
Your spell library was empty.

Dungeon Overview and Level Annotations

Branches:
Dungeon (3/15)

Altars:
Gozag


Innate Abilities, Weirdness & Mutations

Your movements are slightly less encumbered by armour. (ER -2)


Message History

The phantom hits you. x2; The phantom blinks!
You blink.
A bat and a kobold come into view.
You hit the phantom but do no damage.
The phantom is severely damaged.
You block the bat's attack. You block the phantom's attack.
You hit the phantom.
The phantom is severely damaged.
The bat hits you.
The phantom hits you but does no damage.
You closely miss the phantom.
The phantom is severely damaged.
You block the bat's attack.
The phantom hits you but does no damage.
The phantom hits you!
The phantom blinks!
You blink.
Found a stone staircase leading up.
You miss the phantom.
The phantom is severely damaged.
The kobold shouts!
The phantom closely misses you. The bat hits you but does no damage.
You closely miss the phantom.
The phantom is severely damaged.
The bat misses you.
The kobold throws a stone.
The stone hits you but does no damage.
The phantom hits you but does no damage.
The phantom hits you.
The phantom blinks!
You blink.
The bat hits you but does no damage. The phantom hits you.
The phantom blinks!
You blink.
You hit the phantom.
The phantom is almost destroyed.
You block the bat's attack. The bat hits you but does no damage.
The phantom hits you. You block the bat's attack.
The kobold hits you but does no damage.
You hit the phantom but do no damage.
The phantom is almost destroyed.
The bat hits you but does no damage. The phantom hits you.
* * * LOW HITPOINT WARNING * * *
The phantom blinks!
You blink.
The kobold throws a stone.
The stone hits you.
* * * LOW HITPOINT WARNING * * *
The phantom hits you!
You die...

....# #. ....#
.#####.......# #
...#........# #.
#... .... .
...##..####§### .
......§.§...### #..
###Wb..K.#..<..##..
#@.....#.###..#..
#...............#.##
##<......##..##.....
###..#....#.####..#
#.......#.# #...
#.##.##...####...
#.##..#....##...#
..# #..........##
###........##


You could see a phantom, a bat and a kobold.

Vanquished Creatures
  An adder (D:2)
  4 endoplasms
  A giant cockroach (D:2)
  5 hobgoblins
  3 jackals (D:1)
  A quokka (D:3)
  4 ball pythons
  2 bats
  2 goblins
  2 kobolds (D:1)
  4 rats
29 creatures vanquished.

Notes
Turn   | Place    | Note
-------+----------+-------------------------------------------
     0 | D:1      | Revguard the Demonspawn Fighter began the quest for the
                  | Orb.
     0 | D:1      | Reached XP level 1. HP: 18/18 MP: 1/1
   108 | D:1      | Gained mutation: Your movements are slightly less
                  | encumbered by armour. (ER -2) [demonic ancestry]
   108 | D:1      | Reached XP level 2. HP: 22/24 MP: 2/2
   719 | D:2      | Found an opulent altar of Gozag.
  1095 | D:2      | Reached skill level 1 in Invocations
  1095 | D:2      | Reached XP level 3. HP: 19/29 MP: 3/3
  1560 | D:3      | Noticed a phantom
  1583 | D:3      | Slain by a phantom

Illustrated notes

Levels and vault maps discovered:
D:1:      scummos_arrival_gate, layout_rooms
D:2:      layout_loops_ring, basic_altar
D:3:      layout_rooms, mainiacjoe_overflow_divided_tiny, minmay_statues_item

Skill      XL: |  1  2 |
---------------+-------+-----
Long Blades    | 2 |  2.0
Shields        | 3 |  3.0
Invocations    | 1 |  1.1
Fighting       | |  3.2
Armour         | |  2.8
Dodging        | |  0.6
Evocations     | |  0.9

Action                   || total
-------------------------++-------
Melee: Long sword        ||    95
Armor: Scale mail        ||    58
Dodge: Dodged            ||    34
Block: Buckler           ||     3
       Kite shield       ||    47
